 Dungeon Crawl Stone Soup version 0.25.1-2-g60ff931df9 (webtiles) character file.

Game seed: 17846629391740977130

4135 melloss the Covert (level 10, 0/49 HPs)
             Began as a Spriggan Enchanter on Nov 17, 2020.
             Was a Follower of Makhleb.
             Slain by a red ugly thing (2 damage)
             ... on level 9 of the Dungeon.
             The game lasted 00:48:14 (9797 turns).

melloss the Covert (Spriggan Enchanter)             Turns: 9797, Time: 00:48:15

Health: 0/49       AC:  6    Str:  8    XL:     10   Next: 6%
Magic:  13/17      EV: 27    Int: 18    God:    Makhleb [*.....]
Gold:   488        SH:  0    Dex: 28    Spells: 14/17 levels left

rFire    + . .     SeeInvis +   a - +3 dagger (elec)
rCold    . . .     Gourm    .   (shield restricted)
rNeg     + . .     Faith    .   B - +2 robe {MR+}
rPois    .         Spirit   .   e - +2 hat
rElec    .         Reflect  .   (no cloak)
rCorr    .         Harm     .   (gloves unavailable)
MR       ++...                  (boots unavailable)
Stlth    +++++.....             P - amulet "Ohamn" {RegenMP rF+ Str+4 Dex+3}
HPRegen  0.16/turn              t - +6 ring of dexterity
MPRegen  0.15/turn              D - ring of positive energy

@: studying Maces & Flails, very quick
A: very small, unfitting armour, see invisible, herbivore, speed 3, slow
metabolism 2
a: Renounce Religion


You were on level 9 of the Dungeon.
You worshipped Makhleb.
Makhleb was aware of your devotion.
You were not hungry.

You visited 2 branches of the dungeon, and saw 10 of its levels.

You collected 488 gold pieces.

Inventory:

Hand Weapons
 a - a +3 dagger of electrocution (weapon)
 i - a +0 mace of draining
 p - a +1 mace of draining
 q - a +3 quarterstaff of chaos
 G - a +1 dagger
 L - the +3 hunting sling of the Beginning {speed, rC+ Dex+2, unknown}
   (You found it on level 7 of the Dungeon)

   Attacks with this weapon are significantly faster.
   It affects your dexterity (+2).
   It protects you from cold.
 O - a +2 whip of flaming
 Q - the cursed +1 scimitar of a sewer {freeze, +Rage +Inv Str+4 Int+2}
   (You took it off a human on level 9 of the Dungeon)

   It has been specially enchanted to freeze those struck by it, causing extra
   injury to most foes and up to half again as much damage against particularly
   susceptible opponents.
   It can also slow down cold-blooded creatures.
   It affects your strength (+4).
   It affects your intelligence (+2).
   It lets you turn invisible.
   It lets you go berserk.
   It has a curse placed upon it.
 R - a +2 vampiric spear
Missiles
 o - 2 datura-tipped darts (quivered)
 E - 8 poisoned darts
 I - 7 atropa-tipped darts
Armour
 b - a +1 robe
 e - a +2 hat (worn)
 B - a +2 robe of magic resistance (worn)
 C - a +2 robe of magic resistance
 J - the +0 robe "Faivyqa" {Dex+4}
   (You found it on level 7 of the Dungeon)

   It affects your dexterity (+4).
Jewellery
 c - an uncursed amulet of guardian spirit
 m - an uncursed ring of teleportation
 t - a +6 ring of dexterity (left hand)
 D - a ring of positive energy (right hand)
 P - the amulet "Ohamn" (around neck) {RegenMP rF+ Str+4 Dex+3}
   (You took it off a human on level 9 of the Dungeon)

   [amulet of magic regeneration]

   It increases your magic regeneration.
   It affects your strength (+4).
   It affects your dexterity (+3).
   It protects you from fire.
Wands
 n - a wand of random effects (36)
 r - a wand of iceblast (9)
 s - a wand of polymorph (14)
Scrolls
 u - a scroll of magic mapping {unknown}
 v - 2 scrolls of amnesia {unknown}
 y - a scroll of remove curse
 z - 2 scrolls of enchant armour
 F - 2 scrolls of teleportation
 H - a scroll of fog {unknown}
 K - a scroll of brand weapon {unknown}
 M - 2 scrolls of enchant weapon {unknown}
 N - a scroll of fear {unknown}
Potions
 f - 3 potions of resistance
 g - a potion of lignification {unknown}
 h - 2 potions of stabbing {unknown}
 j - 2 potions of degeneration {unknown}
 k - a potion of curing
 l - a potion of magic {unknown}
 w - 2 potions of flight
 A - a potion of haste {unknown}
Books
 x - a manual of Maces & Flails
Miscellaneous
 S - a lightning rod (4/4)
Comestibles
 d - 6 rations


   Skills:
 - Level 3.0 Fighting
 - Level 5.0 Short Blades
 - Level 8.0 Dodging
 + Level 8.0 Stealth
 - Level 4.0 Spellcasting
 - Level 8.0 Hexes
 - Level 8.0 Ice Magic


You had 14 spell levels left.
You knew the following spells:

 Your Spells              Type           Power        Failure   Level  Hunger
a - Corona                Hex            ####...      1%          1    None
b - Ensorcelled Hibernat  Hex/Ice        ####..       1%          2    ##.....

Your spell library contained the following spells:

 Spells                   Type           Power        Failure   Level  Hunger
 Slow                     Hex            ####....     1%          2    ##.....
 Confusing Touch          Hex            ####....     1%          3    ###....
 Tukima's Dance           Hex            ####....     1%          3    ###....
 Dazzling Flash           Conj/Hex       ###...       9%          3    ###....
 Magic Dart               Conj           #...         14%         1    None
 Blink                    Tloc           N/A          22%         2    ##.....
 Call Imp                 Summ           #.......     22%         2    ##.....
 Conjure Flame            Conj/Fire      #.......     41%         3    ###....
 Mephitic Cloud           Conj/Pois/Air  #.......     41%         3    ###....


Dungeon Overview and Level Annotations

Branches:
Dungeon (9/15)             Temple (1/1) D:7
   Lair: D:8-11         Orc: D:9-12

Altars:
Ashenzari
Cheibriados
Dithmenos
Elyvilon
Fedhas
Gozag
Hepliaklqana
Kikubaaqudgha
Makhleb
Nemelex Xobeh
Okawaru
Qazlal
Ru
Sif Muna
Uskayaw
Vehumet
Wu Jian
Xom
Yredelemnul
Zin
The Shining One


Innate Abilities, Weirdness & Mutations

You are very small and have problems with some larger weapons.
You are too small for most types of armour.
You have supernaturally acute eyesight. (SInv)
You are a herbivore.
You cover ground extremely quickly.
You need to consume almost no food.


Message History

* * * LOW HITPOINT WARNING * * *
You feel better. The red ugly thing stings you.
* * * LOW HITPOINT WARNING * * *
You are engulfed in flames!
You resist.
* * * LOW HITPOINT WARNING * * *
You hit the red ugly thing.
The red ugly thing is severely wounded.
You hit the red ugly thing.
Lightning courses through the red ugly thing!!
You kill the red ugly thing!
Makhleb accepts your kill.
Training target 8.0 for Dodging reached!
Your Dodging skill gained 2 levels and is now at level 8!
You need to enable at least one skill for training.
You have reached level 10!
You feel clever.
You hit the red ugly thing.
The red ugly thing is lightly wounded.
The red ugly thing stings you.
You die...

#########..# #..# #.
.(........# #..# #.
###.#####..#####..# #.
#.................# #.
...###'###.........#
#. ##.#.#.##........#
#. #.......##.......##
#.
#5###.###.##.......#
## ##. #:#.#@#
#.......# 5.W #..u##
#.......#
#'.....#.....'p###...#
5.. ..##.##...##.##.#
#...##### ##. #. .#.#)
.# #........ # ###.###
# #........ ...
#........ #.#
#........ ##' #'#
#........


You could see a red ugly thing.

Vanquished Creatures
  Pikel (D:9)
  An ugly thing (D:9)
  A hippogriff (D:7)
  A human (shapeshifter) (D:9)
  A hungry ghost (D:8)
  A water moccasin (D:9)
  An orc warrior (D:4)
  2 phantoms
  An ice beast (D:5)
  2 sky beasts (D:7)
  A slave (D:9)
  A necrophage (D:8)
  2 centaurs
  An ogre (D:7)
  2 big kobolds
  2 bullfrogs
  2 scorpions
  3 wights (D:8)
  3 killer bees (D:7)
  2 howler monkeys
  6 crimson imps
  A bullfrog zombie (D:7)
  2 centaur zombies
  A bullfrog skeleton (D:5)
  Crazy Yiuf (D:2)
  6 hounds
  A jelly (D:7)
  6 orc wizards
  A centaur skeleton (D:4)
  9 worker ants
  2 hound zombies
  2 hound skeletons
  A worker ant zombie (D:7)
  10 adders
  3 shadow imps
  An ooze (D:5)
  2 adder skeletons (D:5)
  4 worms
  A dart slug (D:2)
  11 leopard geckos
  24 orcs
  4 ball pythons
  6 giant cockroaches
  5 goblins
  5 hobgoblins
  4 jackals
  19 kobolds
  3 quokkas
  7 bats
  2 frilled lizards
  A jackal zombie (D:6)
  2 leopard gecko zombies
  A quokka skeleton (D:4)
  A quokka zombie (D:7)
  8 rats
194 creatures vanquished.

Vanquished Creatures (others)
  A hound (D:9)
  A giant cockroach (D:4)
2 creatures vanquished.

Grand Total: 196 creatures vanquished

Notes
Turn   | Place    | Note
-------+----------+-------------------------------------------
     0 | D:1      | melloss the Spriggan Enchanter began the quest for the Orb.
     0 | D:1      | Reached XP level 1. HP: 9/9 MP: 5/5
   254 | D:1      | Reached skill level 5 in Stealth
   254 | D:1      | Reached XP level 2. HP: 11/13 MP: 6/6
   350 | D:1      | Found a sparkling altar of Nemelex Xobeh.
  1209 | D:2      | Learned a level 2 spell: Ensorcelled Hibernation
  1297 | D:2      | Reached XP level 3. HP: 9/16 MP: 8/8
  1806 | D:2      | Reached XP level 4. HP: 13/21 MP: 1/9
  2051 | D:2      | Found a sacrificial altar of Ru.
  2636 | D:2      | Found a runed translucent door.
  2637 | D:2      | Noticed Crazy Yiuf
  2647 | D:2      | Killed Crazy Yiuf
  2743 | D:3      | Found an iron altar of Okawaru.
  2946 | D:3      | You fall into a shaft and drop 3 floors!
  3002 | D:5      | Entered Level 5 of the Dungeon
  3023 | D:5      | Reached XP level 5. HP: 16/24 MP: 10/10
  3059 | D:5      | HP: 1/24 [kobold/+0 dagger (2)]
  3144 | D:4      | Found a white marble altar of Elyvilon.
  3188 | D:4      | Noticed an orc warrior
  3563 | D:4      | Found a shimmering blue altar of Sif Muna.
  3916 | D:4      | Killed an orc warrior
  3916 | D:4      | Reached skill level 5 in Short Blades
  3916 | D:4      | Reached XP level 6. HP: 28/28 MP: 4/11
  4172 | D:4      | Reached skill level 1 in Ice Magic
  4617 | D:5      | Reached XP level 7. HP: 32/32 MP: 13/13
  5080 | D:5      | Found a glowing golden altar of the Shining One.
  5128 | D:5      | Reached skill level 5 in Hexes
  5619 | D:5      | Found a glowing golden altar of the Shining One.
  6109 | D:6      | Reached XP level 8. HP: 36/36 MP: 12/15
  6692 | D:6      | Found a basalt altar of Yredelemnul.
  6714 | D:6      | Found a radiant altar of Vehumet.
  6832 | D:6      | Found a burning altar of Makhleb.
  6841 | D:6      | Became a worshipper of Makhleb the Destroyer
  6918 | D:6      | Reached skill level 5 in Ice Magic
  7830 | D:7      | Noticed a hippogriff
  7836 | D:7      | Killed a hippogriff
  7890 | D:7      | Reached XP level 9. HP: 33/39 MP: 13/16
  7917 | D:7      | Reached * piety under Makhleb
  7934 | D:7      | Got a smoking robe
  7947 | D:7      | Got a brightly glowing hunting sling
  7950 | D:7      | Identified the cursed +0 robe "Faivyqa" {Dex+4} (You found
                  | it on level 7 of the Dungeon)
  8097 | D:7      | Found a staircase to the Ecumenical Temple.
  8107 | Temple   | Entered the Ecumenical Temple
  8702 | D:8      | Found a white marble altar of Elyvilon.
  9156 | D:8      | Reached skill level 1 in Fighting
  9309 | D:8      | Found a shimmering altar of Xom.
  9508 | D:9      | Noticed a two-headed ogre
  9658 | D:9      | Noticed Pikel
  9665 | D:9      | Killed Pikel
  9718 | D:9      | Identified the cursed +1 scimitar of a sewer {freeze, +Rage
                  | +Inv Str+4 Int+2}
  9718 | D:9      | Identified the amulet "Ohamn" {RegenMP rF+ Str+4 Dex+3}
  9778 | D:9      | Noticed a red ugly thing
  9782 | D:9      | Noticed a red ugly thing
  9794 | D:9      | HP: 1/44 [red ugly thing (7)]
  9796 | D:9      | Killed a red ugly thing
  9796 | D:9      | Reached XP level 10. HP: 1/49 MP: 13/17
  9797 | D:9      | Slain by a red ugly thing

Illustrated notes

Levels and vault maps discovered:
D:1:      scummos_arrival_forest, layout_basic,
          nemelex_xobeh_ov_fountains_minmay
D:2:      layout_basic, lemuel_round_altar, minmay_statues_item,
          uniq_crazy_yiuf_cottage
D:3:      layout_basic, lemuel_doored_altar
D:4:      layout_basic, elyvilon_altar_4, led_sif_pool, first_ration,
          gup_sewer_entry_bowl, minmay_manual_mess
D:5:      layout_loops_ring, tso_oasis_becter, tso_altar
D:6:      layout_cave_pools, yredelemnul_altar_generic, makhleb_grotto_becter,
          basic_altar
D:7:      layout_gridville, minmay_temple_entry_poolview
D:8:      layout_loops_ring, lemuel_round_altar, lemuel_altar_in_water
D:9:      minmay_the_grid_octo_2x2 [minmay_the_grid_octo_teeth,
          minmay_the_grid_octo_pinwheel, minmay_the_grid_octo_checkered,
          minmay_the_grid_octo_prize_square_snowflake], layout_small_grid,
          marbit_many_paths, uniq_pikel
Temple:   dshaligram_water_room_temple

Skill      XL: |  1  2  3  4  5  6  7  8  9 |
---------------+----------------------------+-----
Stealth        | 5 6 7 8 |  8.0
Short Blades   | 2 3 5 |  5.0
Spellcasting   | 3 4 |  4.0
Hexes          | 4 5 7 8 |  8.0
Ice Magic      | 1 4 6 8 |  8.0
Fighting       | 3 |  3.0
Dodging        | 8 |  8.0

Action                   |  1- 3 |  4- 6 |  7- 9 | 10-12 || total
-------------------------+-------+-------+-------+-------++-------
Melee: Dagger            |   170 |   123 |   367 |     1 ||   661
       Mace              |       |    28 |       |       ||    28
 Cast: Ensorcelled Hiber |     5 |    52 |    88 |       ||   145
       Corona            |       |       |     8 |       ||     8
Evoke: Wand              |       |       |     4 |       ||     4
  Use: Scroll            |     2 |     4 |     8 |       ||    14
       Potion            |       |     3 |     3 |       ||     6
 Stab: Sleeping          |    12 |    35 |    67 |       ||   114
       Distracted        |       |     1 |     1 |       ||     2
  Eat: Ration            |       |     3 |     6 |       ||     9
Armor: Robe              |    17 |    19 |    36 |       ||    72
Dodge: Dodged            |   161 |   167 |   279 |       ||   607
